 Dungeon Crawl Stone Soup version 0.31-a0-1616-gbeaec30b81 (webtiles) character file.

Game seed: 17523358117789369695

725 gelatine the Shooter (level 7, -19/53 HPs)
             Began as a Demonspawn Hunter on Jan 10, 2024.
             Killed by an exploding ribbon worm (39 damage)
             ... ignited by their inner flame
             ... on level 5 of the Dungeon.
             The game lasted 00:06:41 (3110 turns).

gelatine the Shooter (Demonspawn Hunter)            Turns: 3110, Time: 00:06:42

Health: -19/53     AC:  4    Str: 11    XL:     7   Next: 43%
Magic:  7/7        EV:  6    Int:  9    God:
Gold:   247        SH:  0    Dex: 19    Spells: 6/6 levels left

rFire   . . .        a - +0 shortbow (drain)
rCold   . . .        (shield currently unavailable)
rNeg    . . .        c - +0 leather armour
rPois   .            (helmet restricted)
rElec   .            o - +0 cloak
rCorr   .            (no gloves)
SInv    .            (no boots)
Will    .....        (no amulet)
Stlth   ++           m - +4 ring of slaying
HPRegen 0.28/turn    h - ring of flight
MPRegen 0.20/turn

%: no passive effects
@: weak-willed, flying, held
A: horns 1, demonic guardian 1, magic regeneration
a: no special abilities


You were on level 5 of the Dungeon.
You visited 1 branch of the dungeon, and saw 5 of its levels.

You collected 247 gold pieces.

Inventory:

Hand Weapons
 a - a +0 shortbow of draining (weapon)
 g - a +0 sling
Armour
 c - a +0 leather armour (worn)
 o - a +0 cloak (worn)
Jewellery
 h - a ring of flight (right hand)
 m - a +4 ring of slaying (left hand)
Wands
 l - a wand of polymorph (6)
Scrolls
 e - 2 scrolls of amnesia
 j - a scroll of fog {unknown}
 k - a scroll of brand weapon
 n - a scroll of poison {unknown}
 t - a scroll of immolation
 v - 2 scrolls of vulnerability
 w - a scroll of enchant weapon {unknown}
 x - a scroll of fear {unknown}
 y - a scroll of teleportation {unknown}
 A - a scroll of acquirement {unknown}
Potions
 d - a potion of mutation
 f - a potion of heal wounds
 i - 2 potions of attraction
 p - 2 potions of cancellation {unknown}
 q - 3 potions of curing {unknown}
 r - a potion of might {unknown}
 s - a potion of brilliance {unknown}
 u - 2 potions of degeneration {unknown}
 z - a potion of magic {unknown}


   Skills:
 + Level 3.9 Fighting
 + Level 7.1 Ranged Weapons
 + Level 2.0 Armour
 + Level 2.3 Dodging
 + Level 1.2 Stealth


You had 6 spell levels left.
You didn't know any spells.
Your spell library contained the following spells:

 Spells                   Type           Power      Damage    Failure   Level
 Dazzling Flash           Conj/Hex       0%         N/A       85%         3
 Frozen Ramparts          Ice            0%         1d1       85%         3
 Cause Fear               Hex            0%         N/A       99%         4
 Leda's Liquefaction      Alch/Erth      0%         N/A       99%         4
 Petrify                  Alch/Erth      0%         N/A       99%         4
 Metabolic Englaciation   Hex/Ice        0%         N/A       100%        5
 Yara's Violent Unravell  Hex/Alch       0%         3d3       100%        5


Dungeon Overview and Level Annotations

Branches:
Dungeon (5/15)
 Temple: D:4-7

Altars:
Hepliaklqana
Okawaru


Innate Abilities, Weirdness & Mutations

You have a pair of small horns on your head.
A weak demonic guardian rushes to your aid.
You regenerate magic rapidly.


Message History

Aim: a gnoll bouda, wielding a +0 whip and wearing a +0 robe (72% to hit)
You shoot an arrow.
The arrow barely misses the gnoll bouda.
The arrow hits the adder.
The adder is lightly wounded.
Something hits you but does no damage.
Fire: a) +0 shortbow
Press: ? - help, Q - select action, (/) - cycle Shift-Dir - straight line, f/p - gnoll bouda
Aim: a gnoll bouda, wielding a +0 whip and wearing a +0 robe (72% to hit)
You shoot an arrow. Something hits you but does no damage.
The ribbon worm expels a string of sticky webbing.
The stream of webbing hits you but does no damage.
You are caught in a web!
Your iron imp barely misses the ribbon worm.
You cannot shoot with your shortbow while caught in a web.
Unknown command.
As you read the scroll labelled QAIF TISTRA, it crumbles to dust.
It is a scroll of amnesia.
You feel forgetful for a moment. Something hits you.
Something bites your iron imp.
As you read the scroll labelled JULIOX FUFEP, it crumbles to dust.
It is a scroll of brand weapon.
Your +0 shortbow craves living souls!
a - a +0 shortbow of draining (weapon)
Something hits you. The ribbon worm bites you.
As you read the scroll labelled SOAZXO PAOBREJ, it crumbles to dust.
The creatures around you are filled with an inner flame!
It was a scroll of immolation.
Something hits you but does no damage.
Your iron imp hits the ribbon worm.
Flame seeps out of the ribbon worm.
As you read the scroll labelled AKIPRY NOECIURCH, it crumbles to dust.
A wave of despondency washes over your surroundings.
It was a scroll of vulnerability.
Something hits you.
The ribbon worm is engulfed in blazing flames.
The ribbon worm explodes!
The fiery explosion engulfs something!!!
Reactivating autopickup.
You feel a bit more experienced. The fiery explosion engulfs you!!!
Ouch! That really hurt!
You die...

#.# #..§5.## #
#. #.##†##..# #
.
.##5####.#######
# ..#B.#
#........ .##.#
#........ S#.5#
#........
##g##.#
#........
#§##W##
#........
#@○5..#
#........
#######
#........
#........
#########


You could see a phantom, a gnoll bouda (inner flame, weak-willed), an adder
(inner flame, weak-willed) and a friendly iron imp (summoned, inner flame,
weak-willed).

Vanquished Creatures
  An ogre (D:4)
  A phantom (D:5)
  2 howler monkeys (D:5)
  Crazy Yiuf (D:2)
  A hound (D:5)
  3 jellies
  2 iguanas
  Natasha (thrice) (D:2)
  An orc wizard (D:5)
  Robin (D:4)
  8 adders
  2 ufetubi (D:5)
  A dart slug (D:1)
  3 ribbon worms
  6 orcs (D:4)
  7 ball pythons
  3 endoplasms
  4 giant cockroaches
  15 goblins
  8 hobgoblins
  5 quokkas
  4 bats
  4 frilled lizards
  15 kobolds
  4 rats
105 creatures vanquished.

Vanquished Creatures (collateral kills)
  A sleepcap (D:5)
  A dart slug (D:1)
  A bat (D:1)
3 creatures vanquished.

Grand Total: 108 creatures vanquished

Notes
Turn   | Place    | Note
-------+----------+-------------------------------------------
     0 | D:1      | gelatine the Demonspawn Hunter began the quest for the Orb.
     0 | D:1      | Reached XP level 1. HP: 16/16 MP: 1/1
   102 | D:1      | Reached skill level 4 in Ranged Weapons
   106 | D:1      | Gained mutation: A weak demonic guardian rushes to your
                  | aid. [demonic ancestry]
   106 | D:1      | Reached XP level 2. HP: 17/22 MP: 2/2
   298 | D:1      | Gained mutation: You regenerate magic rapidly. [demonic
                  | ancestry]
   298 | D:1      | Reached XP level 3. HP: 22/27 MP: 3/3
   983 | D:2      | Found a runed translucent door.
   984 | D:2      | Noticed Crazy Yiuf
  1028 | D:2      | Gained mutation: You have a pair of small horns on your
                  | head. [demonic ancestry]
  1028 | D:2      | Reached XP level 4. HP: 33/33 MP: 4/4
  1029 | D:2      | Reached skill level 1 in Armour
  1201 | D:2      | Noticed Natasha
  1206 | D:2      | Killed Natasha
  1207 | D:2      | Reached skill level 5 in Ranged Weapons
  1239 | D:2      | Noticed Natasha
  1242 | D:2      | Killed Natasha
  1243 | D:2      | Reached XP level 5. HP: 36/39 MP: 5/5
  1254 | D:2      | Found a hazy altar of Hepliaklqana.
  1447 | D:2      | Noticed Natasha
  1453 | D:2      | Killed Natasha
  1605 | D:2      | Killed Crazy Yiuf
  2132 | D:4      | Reached skill level 1 in Stealth
  2142 | D:4      | Reached skill level 6 in Ranged Weapons
  2152 | D:4      | Reached XP level 6. HP: 46/46 MP: 6/6
  2152 | D:4      | Noticed Robin
  2195 | D:4      | Killed Robin
  2417 | D:4      | Found an iron altar of Okawaru.
  2516 | D:4      | Got Guezang's Directory of the Oath
  2598 | D:5      | Entered Level 5 of the Dungeon
  2633 | D:5      | Reached XP level 7. HP: 38/53 MP: 7/7
  2984 | D:5      | Reached skill level 7 in Ranged Weapons
  3097 | D:5      | HP: 2/53 [sleepcap (6)]
  3110 | D:5      | Killed by an exploding ribbon worm... ignited by their
                  | inner flame

Illustrated notes

Levels and vault maps discovered:
D:1:      denvon_arrival_planthouse, layout_basic
D:2:      layout_loops_cross, basic_altar, uniq_crazy_yiuf_cottage, uniq_natasha
D:3:      layout_rooms
D:4:      layout_rooms, marbit_many_paths, uniq_robin
D:5:      minmay_angry_zag, layout_basic, minmay_curled_crystal, hex_large,
          corner_web_ring

Skill      XL: |  1  2  3  4  5  6  7 |
---------------+----------------------+-----
Ranged Weapons | 4 5 6 7 |  7.1
Armour         | 1 2 |  2.0
Dodging        | 2 |  2.3
Stealth        | 1 |  1.2
Fighting       | 3 |  3.9

Action                     |  1- 3 |  4- 6 |  7- 9 || total
---------------------------+-------+-------+-------++-------
   Fire: Shortbow          |   114 |   143 |    51 ||   308
    Use: Scroll            |       |     3 |     5 ||     8
         Potion            |       |       |     1 ||     1
 Armour: Leather armour    |    25 |    18 |    47 ||    90
         Skin              |       |     1 |       ||     1
  Dodge: Dodged            |    26 |    24 |    27 ||    77

Table legend: (Time is in decaauts)
 A = Elapsed time spent in this place.
 B = Non-inter-level travel time spent in this place.
 C = Inter-level travel time spent in this place.
 D = Time resting spent in this place.
 E = Time spent auto-exploring this place.
 F = Levels seen in this place.
 G = Mean time per level.
                   A        B        C        D        E       F      G
               +--------+--------+--------+--------+--------+-----+--------+
         Total |   3174 |   3134 |     40 |      0 |   2558 |   5 |  634.8 |
       Dungeon |   3174 |   3134 |     40 |      0 |   2558 |   5 |  634.8 |
               +--------+--------+--------+--------+--------+-----+--------+

Top non-repeatable levels by time:
     D:2: 994 daAuts
     D:1: 689 daAuts
     D:5: 518 daAuts
     D:3: 503 daAuts
     D:4: 468 daAuts
